 Dungeon Crawl Stone Soup version 0.29.1-4-g47bece8355 (webtiles) character file.

Game seed: 7420381476804101967

4109 trench the Fighter (level 10, -4/94 (96) HPs)
             Began as a Purple Draconian Fighter on Dec 9, 2022.
             Was a Believer of the Shining One.
             Slain by an orc warrior
             ... wielding a +0 short sword
              (5 damage)
             ... on level 9 of the Dungeon.
             The game lasted 00:37:40 (10265 turns).

trench the Fighter (Purple Draconian Fighter)      Turns: 10265, Time: 00:37:40

HP:   -4/94 (96)    AC:  9    Str: 22 (23) XL:     10   Next: 6%
MP:   12/14         EV: 12    Int:  8 (9)  God:    the Shining One [**....]
Gold: 341           SH:  5    Dex:  8 (10) Spells: 11/15 levels left

rFire   + . .      SeeInvis +   F - +1 war axe (freeze)
rCold   + . .      Faith    .   e - +0 buckler
rNeg    + + .      Spirit   .   (body armour unavailable)
rPois   +          Reflect  .   (helmet restricted)
rElec   +          Harm     .   w - +0 cloak
rCorr   +          Rampage  .   (no gloves)
Will    +....                   A - +0 pair of boots
Stlth   +.........              (no amulet)
HPRegen 0.25/turn               h - ring of see invisible
MPRegen 0.14/turn               J - ring of the Cuttlefish {Wiz rN+ Slay+3 Stlth+}

@: resistant, hasted and slowed, glowing, lightly drained
A: breathe power, AC +7, unfitting armour, cold-blooded
a: Breathe Dispelling Energy, Renounce Religion, Divine Shield


You were on level 9 of the Dungeon.
You worshipped the Shining One.
The Shining One was pleased with you.
You visited 1 branch of the dungeon, and saw 9 of its levels.

You collected 341 gold pieces.

Inventory:

Hand Weapons
 b - a +2 sling of flaming
 B - a +1 dagger of venom
 F - a +1 war axe of freezing (weapon)
Missiles
 f - 20 poisoned darts (quivered)
 j - 2 curare-tipped darts
 l - 53 stones
 s - a boomerang
Armour
 e - a +0 buckler (worn)
 w - a +0 cloak (worn)
 A - a +0 pair of boots (worn)
Jewellery
 h - a ring of see invisible (left hand)
 H - a ring of ice
 J - the ring of the Cuttlefish (right hand) {Wiz rN+ Slay+3 Stlth+}
   (You took it off an orc on level 8 of the Dungeon)

   [ring of wizardry]

   It improves your spell success rate.
   Slay:      It affects your accuracy & damage with ranged weapons and melee
   (+3).
   rN:        It protects you from negative energy.
   Stlth:     It makes you more stealthy.
Wands
 g - a wand of digging (4)
 I - a wand of roots (13)
 K - a wand of charming (1)
Scrolls
 c - a scroll of silence {unknown}
 i - 2 scrolls of fear {unknown}
 k - 4 scrolls of teleportation
 m - 2 scrolls of brand weapon
 n - 2 scrolls of poison
 p - 2 scrolls of amnesia
 u - 2 scrolls of magic mapping {unknown}
 v - a scroll of enchant weapon {unknown}
 x - a scroll of torment {unknown}
 y - 2 scrolls of enchant armour {unknown}
 D - a scroll of immolation {unknown}
Potions
 q - a potion of degeneration
 r - 2 potions of brilliance
 t - a potion of mutation {unknown}
 z - 4 potions of flight {unknown}
 C - 2 potions of heal wounds
 E - a potion of attraction {unknown}
 G - a potion of invisibility {unknown}


   Skills:
 + Level 11.3 Fighting
 - Level 2.0 Long Blades
 * Level 5.0 Axes
 + Level 5.5 Dodging
 + Level 6.0 Shields
 + Level 3.2 Spellcasting
 * Level 4.8 Hexes


You had 11 spell levels left.
You knew the following spells:

 Your Spells              Type           Power      Damage    Failure   Level
a - Slow                  Hex            36%        N/A       2%          1
b - Confusing Touch       Hex            9%         N/A       7%          3

Your spell library contained the following spells:

 Spells                   Type           Power      Damage    Failure   Level
 Apportation              Tloc           2%         N/A       16%         1
 Necrotise                Necr           4%         1d4       16%         1
 Sandblast                Erth           2%         2d4       16%         1
 Summon Small Mammal      Summ           4%         N/A       16%         1
 Passwall                 Tmut/Erth      0%         N/A       24%         2
 Stone Arrow              Conj/Erth      2%         3d7       43%         3
 Vampiric Draining        Necr           1%         2d6       43%         3
 Malign Gateway           Summ/Tloc      0%         N/A       100%        7
 Summon Horrible Things   Summ           0%         N/A       100%        8


Dungeon Overview and Level Annotations

Branches:
Dungeon (9/15)             Temple (0/1) D:7            Lair (0/5) D:9
    Orc: D:9-12

Altars:
Zin
The Shining One

Annotations:
D:8 exclusion: ice statue
D:9 2 transporters, Gastronok


Innate Abilities, Weirdness & Mutations

You can breathe bolts of dispelling energy.
Your rich purple scales are hard. (AC +7)
You cannot fit into any form of body armour.
You are cold-blooded and may be slowed by cold attacks.


Message History

The curare-tipped dart barely misses you.
There is an open door here.
Things that are here:
a +0 club; a +0 shortbow You feel sick.
You feel better. The orc wizard casts a spell at you.
You are confused.
You bump into the rock wall.
The orc warrior throws a curare-tipped dart.
The curare-tipped dart hits you.
You are poisoned.
You have difficulty breathing.
* * * LOW HITPOINT WARNING * * *
You feel as though you will be slow longer.
You bump into the rock wall.
* * * LOW HITPOINT WARNING * * *
You feel very sick.
The orc warrior hits you with a +0 short sword.
* * * LOW HITPOINT WARNING * * *
You are too confused!
You feel better.
It was a potion of haste.
You feel yourself speed up.
The orc wizard hits you with a +2 dagger of holy wrath.
* * * LOW HITPOINT WARNING * * *
The orc warrior hits you but does no damage.
The orc wizard hits you with a +2 dagger of holy wrath.
* * * LOW HITPOINT WARNING * * *
The orc warrior barely misses you.
It was a potion of resistance.
You feel protected.
The orc warrior hits you with a +0 short sword!
* * * LOW HITPOINT WARNING * * *
The orc wizard hits you but does no damage.
It was a potion of degeneration.
There was something very wrong with that liquid.
You feel weakened.
You feel dopey.
You feel clumsy. The orc wizard closely misses you.
The orc warrior hits you with a +0 short sword.
You die...

#................#
#.....#..........# #####
#.....#.......^..# #+# .....#
#.....#.)).......# #.# .....#
#.#####..##############.# .....#
# ##..............#.## ~....###
#o###########...... ~....'.
##o###### #...... ~....#
###.o@....# #...... ~.~~.#
#.....##..# #...... ...~.#
#.....##..# #...... .....#####
#.....##..# #...... .........#
#.....###.# #...... ......####
#8...8# ### ##'#+##
......#######©#©############.#.##
######....8#######8....#...).....
#......©#####©.....#.########


You could see an orc warrior and 2 orc wizards.

Vanquished Creatures
  A two-headed ogre (D:9)
  Maurice (D:9)
  Grinder (D:6)
  Sigmund (D:6)
  A wraith (D:8)
  2 steam dragons
  A water moccasin (D:6)
  An orc warrior (D:8)
  Pargi (D:3)
  An ogre (D:6)
  3 centaurs
  A kobold brigand (D:7)
  A necrophage (D:3)
  2 scorpions
  A bullfrog (D:8)
  9 wights
  A howler monkey (D:5)
  4 lava snakes (D:8)
  3 bullfrog zombies (D:5)
  2 jellies
  A centaur zombie (D:5)
  3 hounds
  4 orc priests
  A scorpion zombie (D:5)
  4 orc wizards
  3 iguanas
  A hound zombie (D:5)
  A howler monkey zombie (D:5)
  3 gnolls (D:9)
  7 adders
  3 white imps
  4 ufetubi (D:8)
  A dart slug (D:2)
  27 orcs
  4 endoplasms
  5 giant cockroaches
  3 goblins
  5 hobgoblins
  5 jackals
  4 quokkas
  3 ball pythons
  6 bats
  2 frilled lizards
  A goblin skeleton (D:8)
  A goblin zombie (D:8)
  2 hobgoblin zombies (D:8)
  10 kobolds
  2 kobold skeletons (D:8)
  A kobold zombie (D:8)
  3 orc skeletons (D:8)
  3 rats (D:3)
161 creatures vanquished.

Vanquished Creatures (others)
  A demonic plant (D:8)
  A withered plant (D:5)
2 creatures vanquished.

Grand Total: 163 creatures vanquished

Notes
Turn   | Place    | Note
-------+----------+-------------------------------------------
     0 | D:1      | trench the Draconian Fighter began the quest for the Orb.
     0 | D:1      | Reached XP level 1. HP: 19/19 MP: 1/1
   264 | D:1      | Reached skill level 4 in Fighting
   264 | D:1      | Reached XP level 2. HP: 27/27 MP: 2/2
  1027 | D:2      | Identified the +2 ring mail of Beyond {Rampage rF+ Stlth+}
  1137 | D:2      | Reached XP level 3. HP: 34/34 MP: 3/3
  1610 | D:3      | Noticed Pargi
  1624 | D:3      | Killed Pargi
  1625 | D:3      | Reached skill level 6 in Fighting
  1625 | D:3      | Reached XP level 4. HP: 21/44 MP: 4/4
  2036 | D:3      | Noticed a necrophage
  2068 | D:3      | Killed a necrophage
  2069 | D:3      | Reached XP level 5. HP: 46/51 MP: 5/5
  2128 | D:3      | Reached skill level 7 in Fighting
  2544 | D:3      | Reached XP level 6. HP: 57/60 MP: 6/6
  2769 | D:4      | Reached skill level 8 in Fighting
  3175 | D:4      | Found a glowing silver altar of Zin.
  3528 | D:5      | Entered Level 5 of the Dungeon
  3719 | D:5      | Your scales start taking on a rich purple colour.
  3719 | D:5      | Reached XP level 7. HP: 69/69 MP: 7/7
  3806 | D:5      | Reached skill level 9 in Fighting
  5240 | D:6      | Noticed Sigmund
  5317 | D:7      | Found a staircase to the Ecumenical Temple.
  5319 | D:7      | You fall into a shaft and drop 1 floor!
  5544 | D:8      | Noticed an ice devil
  5579 | D:8      | Reached XP level 8. HP: 53/79 MP: 8/8
  6415 | D:8      | Reached skill level 10 in Fighting
  6728 | D:8      | Found a glowing golden altar of the Shining One.
  6758 | D:8      | Became a worshipper of the Shining One
  6872 | D:8      | Noticed an ice devil
  6873 | D:8      | Noticed an ice devil
  6873 | D:8      | Noticed an ice devil
  6876 | D:8      | Noticed an ice statue
  6878 | D:8      | Noticed an ice devil
  6881 | D:8      | Noticed an ice devil
  6882 | D:8      | Noticed an ice devil
  6883 | D:8      | Noticed an ice devil
  7065 | D:8      | Reached * piety under the Shining One
  7201 | D:8      | Identified the ring of the Cuttlefish {Wiz rN+ Slay+3
                  | Stlth+}
  7371 | D:8      | Reached skill level 1 in Axes
  7372 | D:8      | Reached skill level 5 in Shields
  8044 | D:6      | Reached skill level 1 in Hexes
  8071 | D:6      | Killed Sigmund
  8072 | D:6      | Reached skill level 1 in Spellcasting
  8072 | D:6      | Reached XP level 9. HP: 39/86 MP: 8/10
  8318 | D:6      | Noticed Grinder
  8330 | D:6      | Paralysed by Grinder for 5 turns
  8343 | D:6      | Killed Grinder
  8820 | D:7      | Reached skill level 5 in Dodging
  8832 | D:9      | Noticed Gastronok
  8832 | D:9      | Noticed Maurice
  8832 | D:9      | Reached ** piety under the Shining One
  8843 | D:8      | Reached skill level 11 in Fighting
  9067 | D:9      | Noticed a two-headed ogre
  9191 | D:9      | Killed Maurice
  9218 | D:9      | Killed a two-headed ogre
  9507 | D:9      | Learned a level 1 spell: Slow
  9511 | D:9      | Learned a level 3 spell: Confusing Touch
  9747 | D:9      | Reached XP level 10. HP: 92/93 MP: 14/14
  9760 | D:9      | Found a transporter.
  9769 | D:9      | Found a transporter.
  9789 | D:9      | Found a staircase to the Lair.
  9844 | D:9      | Found a transporter.
 10018 | D:9      | Found a transporter.
 10182 | D:9      | Reached skill level 5 in Axes
 10264 | D:9      | HP: 1/94 [orc warrior/+0 short sword (10)]
 10265 | D:9      | Slain by an orc warrior

Illustrated notes

Levels and vault maps discovered:
D:1:      scummos_arrival_star, layout_basic
D:2:      layout_loops_ring
D:3:      minmay_razor_zed, layout_loops_cross, uniq_pargi
D:4:      layout_basic, mainiacjoe_overflow_six_doors_small
D:5:      layout_rooms, serial_undead, serial_undead_f, serial_undead_d,
          serial_undead_a, serial_undead_d
D:6:      layout_rooms, minmay_crystal_water, kennysheep_generic_room_9,
          uniq_sigmund, uniq_grinder
D:7:      layout_basic, nicolae_overflow_crystal_walls,
          nicolae_uskayaw_dance_studio, minmay_temple_entry_drinking_statues,
          enter_bailey_4, uniq_duvessa, uniq_joseph
D:8:      cheibrodos_frozen_isle, layout_rooms, nicolae_tso_besieged_by_evil,
          enter_ossuary_2, dreamdust_princess_corridor,
          minmay_misc_feat_encased, kennysheep_cluttered_room,
          chequers_serial_rivers_small_3
D:9:      layout_basic, lair_entry_dummy, nicolae_transporter_intersection,
          uniq_gastronok, uniq_maurice

Skill      XL: |  1  2  3  4  5  6  7  8  9 10 |
---------------+-------------------------------+-----
Fighting       | 4 6 7 8 9 10 11 | 11.3
Dodging        | 3 4 5 |  5.5
Shields        | 4 5 6 |  6.0
Axes           | 2 4 5 |  5.0
Hexes          | 1 4 |  4.8
Spellcasting   | 1 3 |  3.2
Long Blades    | |  2.0

Action                   |  1- 3 |  4- 6 |  7- 9 | 10-12 || total
-------------------------+-------+-------+-------+-------++-------
Melee: Long sword        |     4 |    23 |       |       ||    27
       Hand axe          |       |   113 |   123 |       ||   236
       Tailslap          |       |    20 |    31 |     6 ||    57
       War axe           |       |       |    75 |    17 ||    92
 Fire: Sling             |    85 |     2 |   453 |       ||   540
Throw: Dart              |     5 |       |    15 |       ||    20
 Cast: Slow              |       |       |     1 |    11 ||    12
 Abil: Breathe Dispellin |       |       |    36 |       ||    36
Evoke: Wand              |       |       |     1 |       ||     1
  Use: Potion            |       |     1 |     7 |     5 ||    13
       Scroll            |       |       |     7 |       ||     7
Armor: Skin              |    24 |    58 |   128 |    13 ||   223
Dodge: Dodged            |    46 |    86 |   190 |    30 ||   352
Block: Buckler           |    14 |    39 |    59 |     9 ||   121
